 Dungeon Crawl Stone Soup version 0.27.1-1-g398f81649c (webtiles) character file.

Game seed: 3164948407019624549

907 Rickety the Grappler (level 8, -12/67 HPs)
             Began as a Gnoll Wanderer on Sept 21, 2021.
             Was an Initiate of Cheibriados.
             Mangled by an orc warrior (25 damage)
             ... on level 6 of the Dungeon.
             The game lasted 00:08:58 (6303 turns).

Rickety the Grappler (Gnoll Wanderer)               Turns: 6303, Time: 00:08:59

Health: -12/67     AC:  4    Str: 14    XL:     8   Next: 8%
Magic:  12/12      EV: 12    Int: 14    God:    Cheibriados [......]
Gold:   194        SH:  0    Dex: 12    Spells: 12/12 levels left

rFire    . . .     SeeInvis .   o - +2 dagger (venom)
rCold    . . .     Faith    .   (no shield)
rNeg     . . .     Spirit   .   e - +0 robe
rPois    .         Reflect  .   (no helmet)
rElec    .         Harm     .   (no cloak)
rCorr    .         Rampage  .   (no gloves)
Will     .....                  p - +1 pair of boots
Stlth    ++........             (no amulet)
HPRegen  0.21/turn              (no ring)
MPRegen  0.13/turn              (no ring)

@: slow
A: fangs 1, strong nose, distributed training
a: Renounce Religion, Bend Time


You were on level 6 of the Dungeon.
You worshipped Cheibriados.
Cheibriados was noncommittal.
You visited 2 branches of the dungeon, and saw 8 of its levels.

You collected 194 gold pieces.

Inventory:

Hand Weapons
 a - a +0 club
 i - a +1 dagger of venom
 o - a +2 dagger of venom (weapon)
Armour
 e - a +0 robe (worn)
 p - a +1 pair of boots (worn)
Magical Staves
 l - a staff of cold
Wands
 d - a wand of flame (14)
 t - a wand of charming (4)
Scrolls
 c - 4 scrolls of teleportation
 f - a scroll of fear
 h - a scroll of noise {unknown}
 j - 5 scrolls of identify {unknown}
 q - 2 scrolls of fog {unknown}
 s - 2 scrolls of enchant armour {unknown}
Potions
 b - a potion of resistance {unknown}
 k - a potion of degeneration {unknown}
 m - 3 potions of brilliance {unknown}
 n - a potion of might {unknown}
 r - 3 potions of attraction {unknown}
 u - a potion of cancellation {unknown}


   Skills:
 + Level 7.2 Fighting
 + Level 2.9 Short Blades
 + Level 2.9 Long Blades
 + Level 2.9 Axes
 + Level 2.9 Maces & Flails
 + Level 2.9 Polearms
 + Level 2.9 Staves
 + Level 2.9 Slings
 + Level 2.9 Bows
 + Level 2.9 Crossbows
 + Level 4.0 Throwing
 + Level 2.9 Armour
 + Level 2.9 Dodging
 + Level 3.8 Stealth
 + Level 4.0 Shields
 + Level 9.0 Unarmed Combat
 + Level 2.9 Spellcasting
 + Level 2.3 Conjurations
 + Level 2.3 Hexes
 + Level 2.3 Summonings
 + Level 2.3 Necromancy
 + Level 2.3 Translocations
 + Level 2.3 Transmutations
 + Level 2.3 Fire Magic
 + Level 2.3 Ice Magic
 + Level 2.3 Air Magic
 + Level 2.3 Earth Magic
 + Level 2.3 Poison Magic
 + Level 3.2 Invocations
 + Level 2.9 Evocations


You had 12 spell levels left.
You didn't know any spells.
Your spell library contained the following spells:

 Spells                   Type           Power      Damage    Failure   Level
 Frozen Ramparts          Ice            16%        1d3       24%         3
 Portal Projectile        Hex/Tloc       16%        N/A       24%         3
 Ice Form                 Ice/Tmut       8%         N/A       63%         4
 Summon Ice Beast         Ice/Summ       8%         N/A       63%         4
 Blade Hands              Tmut           4%         N/A       92%         5
 Excruciating Wounds      Necr           4%         N/A       92%         5


Dungeon Overview and Level Annotations

Branches:
Dungeon (7/15)             Temple (1/1) D:4

Altars:
Ashenzari
Cheibriados
Dithmenos
Elyvilon
Fedhas
Gozag
Kikubaaqudgha
Makhleb
Nemelex Xobeh
Okawaru
Qazlal
Ru
Sif Muna
Trog
Uskayaw
Vehumet
Wu Jian
Xom
Yredelemnul
Zin
The Shining One

Shops:
D:2 (


Innate Abilities, Weirdness & Mutations

You have very sharp teeth.
Your uncanny sense of smell can sniff out nearby items.
Your experience applies equally to all skills.


Message History

The orc warrior moves out of view.
You see here a lumpy orange potion.
Found 21 stones.
The orc priest shouts!
You hear an angry hiss.
You hit the orc priest.
The orc priest is poisoned.
The orc priest is lightly wounded.
The orc priest calls down the wrath of Beogh upon you.
Beogh smites you!
An iguana comes into view.
The iguana hisses angrily.
You hit the orc priest.
The orc priest looks as sick as possible!
The orc priest is heavily wounded.
The orc priest barely misses you.
You hit the orc priest but do no damage.
The orc priest looks as sick as possible!
The orc priest is almost dead.
The orc priest hits you with a +0 flail.
The orc warrior hits you from afar with a +0 glaive!!
You are too injured to fight recklessly!
You are too injured to fight recklessly!
You barely miss the orc priest.
The orc priest is almost dead.
You kill the orc priest!
Cheibriados appreciates the change of pace.
Your Throwing skill increases to level 4!
Your Shields skill increases to level 4!
The orc warrior closely misses you.
You see here a lumpy orange potion.
You don't know any spells.
Unknown command.
Throw: dart (poison)
Press: ? - help, Q - select action, (/) - cycle Shift-Dir - straight line, f - orc warrior
Aim: an orc warrior, wielding a +0 glaive and wearing a +0 plate armour (63% to hit)
You throw a poisoned dart. The poisoned dart hits the orc warrior!
The orc warrior is poisoned.
The orc warrior hits you from afar with a +0 glaive!!
* * * LOW HITPOINT WARNING * * *
The orc warrior hits you from afar with a +0 glaive!!
You die...

# .##
######l.##(
#l!.)oo..##
#(######..#
#o# #o# #.#
#@# #.# #.#
#.# #.# #.#
#.# #.#
##.#
#.###.####


You could see an orc warrior (very poisoned), an iguana and an orc.

Vanquished Creatures
  Eustachio (D:5)
  An ice beast (D:6)
  A black bear (D:6)
  2 ogres
  2 scorpions (D:4)
  A water moccasin zombie (D:6)
  A wyvern skeleton (D:4)
  An orc priest (D:6)
  7 adders
  An adder skeleton (D:4)
  3 dart slugs
  3 orcs (D:3)
  3 ball pythons
  11 endoplasms
  3 giant cockroaches
  10 hobgoblins
  2 jackals (D:3)
  2 kobolds (D:1)
  3 quokkas
  4 bats
  3 frilled lizards
  5 goblins
  10 rats
  A spectral kobold (D:1)
81 creatures vanquished.

Notes
Turn   | Place    | Note
-------+----------+-------------------------------------------
     0 | D:1      | Rickety the Gnoll Wanderer began the quest for the Orb.
     0 | D:1      | Rickety set off with the following items: a +0 club, a
                  | potion of haste, a scroll of teleportation, a potion of
                  | curing, a +0 robe, a scroll of fear
     0 | D:1      | Reached XP level 1. HP: 23/23 MP: 1/1
   245 | D:1      | Reached XP level 2. HP: 25/29 MP: 2/2
   409 | D:1      | Found a faded altar of an unknown god.
   846 | D:1      | Reached XP level 3. HP: 35/35 MP: 3/3
  1229 | D:2      | Reached skill level 1 in Invocations
  1280 | D:2      | Found Gueddachigu's Antique Weapon Shoppe.
  1371 | D:2      | Reached skill level 1 in Short Blades
  1371 | D:2      | Reached skill level 1 in Long Blades
  1371 | D:2      | Reached skill level 1 in Axes
  1371 | D:2      | Reached skill level 1 in Maces & Flails
  1371 | D:2      | Reached skill level 1 in Polearms
  1371 | D:2      | Reached skill level 1 in Staves
  1371 | D:2      | Reached skill level 1 in Slings
  1371 | D:2      | Reached skill level 1 in Bows
  1371 | D:2      | Reached skill level 1 in Crossbows
  1371 | D:2      | Reached skill level 1 in Armour
  1371 | D:2      | Reached skill level 1 in Dodging
  1371 | D:2      | Reached skill level 1 in Spellcasting
  1371 | D:2      | Reached skill level 1 in Evocations
  1571 | D:2      | Reached XP level 4. HP: 34/41 MP: 5/5
  2479 | D:3      | Reached skill level 1 in Conjurations
  2479 | D:3      | Reached skill level 1 in Hexes
  2479 | D:3      | Reached skill level 1 in Summonings
  2479 | D:3      | Reached skill level 1 in Necromancy
  2479 | D:3      | Reached skill level 1 in Translocations
  2479 | D:3      | Reached skill level 1 in Transmutations
  2479 | D:3      | Reached skill level 1 in Fire Magic
  2479 | D:3      | Reached skill level 1 in Ice Magic
  2479 | D:3      | Reached skill level 1 in Air Magic
  2479 | D:3      | Reached skill level 1 in Earth Magic
  2479 | D:3      | Reached skill level 1 in Poison Magic
  2917 | D:3      | Reached XP level 5. HP: 47/47 MP: 6/6
  3680 | D:4      | Noticed an ogre
  3715 | D:4      | Killed an ogre
  3716 | D:4      | Reached XP level 6. HP: 53/53 MP: 8/8
  3808 | D:4      | Found a staircase to the Ecumenical Temple.
  4200 | Temple   | Entered the Ecumenical Temple
  4363 | Temple   | Became a worshipper of Cheibriados the Contemplative
  4471 | D:4      | HP: 1/53 [wyvern skeleton (3)]
  4485 | D:4      | HP: 2/53 [wyvern skeleton (2)]
  4933 | D:5      | Entered Level 5 of the Dungeon
  4960 | D:5      | Noticed an ice beast
  4985 | D:5      | Noticed Eustachio
  4996 | D:5      | Killed Eustachio
  4997 | D:5      | Reached XP level 7. HP: 21/60 MP: 10/10
  5564 | D:6      | Reached skill level 9 in Unarmed Combat
  6033 | D:6      | Reached XP level 8. HP: 26/67 MP: 12/12
  6303 | D:6      | Mangled by an orc warrior

Illustrated notes

Levels and vault maps discovered:
D:1:      dpeg_arrival_arbitrary_c, layout_basic,
          dreamdust_ecumenical_altar_drowned_temple, minmay_hedge_maze,
          skrybe_limestone_x, serial_park_tiny_pond
D:2:      layout_loops_ring, serial_shops, shop, nicolae_underground_beach
D:3:      wander_river, layout_basic, minmay_pentomino_pile
D:4:      layout_cave_pools, temple_pool_b, minivault_26
D:5:      layout_loops_cross, chequers_serial_rivers_room_b, uniq_blork_the_orc,
          uniq_sigmund, uniq_eustachio
D:6:      layout_loops_ring, serial_shops, nicolae_shop_trees, shop,
          minmay_fractal_squares_gapless_5
D:7:      layout_rooms, st_stairs_9
Temple:   kilobyte_greek_temple

Skill      XL: |  1  2  3  4  5  6  7  8 |
---------------+-------------------------+-----
Invocations    | 1 2 3 |  3.2
Short Blades   | 1 2 |  2.9
Long Blades    | 1 2 |  2.9
Axes           | 1 2 |  2.9
Maces & Flails | 1 2 |  2.9
Polearms       | 1 2 |  2.9
Staves         | 1 2 |  2.9
Slings         | 1 2 |  2.9
Bows           | 1 2 |  2.9
Crossbows      | 1 2 |  2.9
Armour         | 1 2 |  2.9
Dodging        | 1 2 |  2.9
Spellcasting   | 1 2 |  2.9
Evocations     | 1 2 |  2.9
Conjurations   | 1 2 |  2.3
Hexes          | 1 2 |  2.3
Summonings     | 1 2 |  2.3
Necromancy     | 1 2 |  2.3
Translocations | 1 2 |  2.3
Transmutations | 1 2 |  2.3
Fire Magic     | 1 2 |  2.3
Ice Magic      | 1 2 |  2.3
Air Magic      | 1 2 |  2.3
Earth Magic    | 1 2 |  2.3
Poison Magic   | 1 2 |  2.3
Throwing       | 3 4 |  4.0
Shields        | 3 4 |  4.0
Stealth        | 3 |  3.8
Fighting       | 7 |  7.2
Unarmed Combat | 9 |  9.0

Action                   |  1- 3 |  4- 6 |  7- 9 || total
-------------------------+-------+-------+-------++-------
Melee: Club              |    30 |       |       ||    30
       Bite              |     8 |    11 |     4 ||    23
       Punch             |     1 |     4 |       ||     5
       Dagger            |    79 |   118 |    50 ||   247
Throw: Dart              |       |     4 |    10 ||    14
Invok: Bend Time         |       |     2 |     8 ||    10
Evoke: Wand              |       |     1 |     1 ||     2
  Use: Potion            |       |     2 |       ||     2
 Stab: Sleeping          |     4 |    10 |     1 ||    15
       Distracted        |       |     1 |       ||     1
Armor: Robe              |    22 |    19 |     9 ||    50
Dodge: Dodged            |    73 |    61 |    38 ||   172
